 Dungeon Crawl Stone Soup version 0.30-a0-1103-g25895a7845 (webtiles) character file.

Game seed: 194427946559373719

8621 microfolk the Basher (level 11, -1/101 HPs)
             Began as an Armataur Berserker on Apr 18, 2023.
             Was an Elder of Trog.
             Killed from afar by a steam dragon (16 damage)
             ... with a ball of steam
             ... on level 10 of the Dungeon.
             The game lasted 00:23:11 (10949 turns).

microfolk the Basher (Armataur Berserker)          Turns: 10949, Time: 00:23:11

Health: -1/101     AC: 14    Str: 28    XL:     11   Next: 12%
Magic:  11/11      EV:  6    Int:  7    God:    Trog [****..]
Gold:   466        SH:  0    Dex: 12    Spells: 10/10 levels left

rFire   . . .      SeeInvis .    y - +7 mace of Wu Jian's Generosity {holy, *Noise Will+ Dex+3}
rCold   . . .      Faith    .    (no shield)
rNeg    + . .      Spirit   .    v - +2 plate armour {rN+}
rPois   +          Reflect  .    (no helmet)
rElec   .          Roll     +    (no cloak)
rCorr   .                        (no gloves)
Will    +++..                    (no barding) Stlth
                                 (no amulet)
HPRegen 1.36/turn                G - ring of poison resistance
MPRegen 0.12/turn                (no ring)

@: strong-willed, regenerating
A: large, rugged brown scales 3, deformed body, armoured tail, roll, long
tongue, awkward tongue
a: Renounce Religion, Berserk, Trog's Hand, Brothers in Arms


You were on level 10 of the Dungeon.
You worshipped Trog.
Trog was greatly pleased with you.
You visited 1 branch of the dungeon, and saw 10 of its levels.

You collected 466 gold pieces.

Inventory:

Hand Weapons
 a - a +0 mace
 m - a +1 whip of venom
 y - the +7 mace of Wu Jian's Generosity (weapon) {holy, *Noise Will+ Dex+3}
   (You took it off an orc on level 5 of the Dungeon)

   Dex:       It affects your dexterity (+3).
   *Noise:    It may make noises in combat.
   Will:      It increases your willpower.
 L - a +0 demon whip of venom
Missiles
 e - a throwing net
 g - 101 stones (quivered)
Armour
 v - a +2 plate armour of positive energy (worn)
 w - the +0 ring mail of Free Expression {rElec Dex+2}
   (You took it off an orc on level 4 of the Dungeon)

   Dex:       It affects your dexterity (+2).
   rElec:     It insulates you from electricity.
 D - a +0 buckler
 F - the +0 cloak of the Snail {Harm *Slow Fly Stlth+}
   (You found it on level 8 of the Dungeon)

   Fly:       It grants you flight.
   *Slow:     It may slow you when you take damage.
   Harm:      It increases damage dealt and taken.
   Stlth:     It makes you more stealthy.
Jewellery
 f - an amulet of magic regeneration
 h - a ring of magical power
 x - a ring of protection from fire
 G - a ring of poison resistance (left hand)
Wands
 r - a wand of roots (9)
 z - a wand of charming (6)
 A - a wand of flame (19)
 I - a wand of acid (7)
Scrolls
 b - a scroll of teleportation {unknown}
 d - a scroll of enchant armour {unknown}
 k - a scroll of enchant weapon {unknown}
 l - a scroll of poison
 u - a scroll of noise {unknown}
 C - a scroll of fog {unknown}
 E - a scroll of torment {unknown}
 H - a scroll of fear {unknown}
Potions
 c - 5 potions of brilliance
 i - 2 potions of might
 j - 2 potions of haste
 n - 3 potions of invisibility
 o - 2 potions of lignification {unknown}
 p - 2 potions of attraction {unknown}
 q - 2 potions of heal wounds {unknown}
 s - a potion of magic {unknown}
 t - 3 potions of flight
 B - 4 potions of cancellation
 J - 2 potions of curing {@q1}


   Skills:
 + Level 8.3 Fighting
 * Level 11.2 Maces & Flails
 + Level 10.5 Armour
 - Level 2.3 Dodging
 + Level 3.2 Stealth


You had 10 spell levels left.
You didn't know any spells.
Your spell library was empty.

Dungeon Overview and Level Annotations

Branches:
Dungeon (10/15)            Temple (0/1) D:4            Lair (0/5) D:8
    Orc: D:9-12

Altars:
Hepliaklqana
Okawaru
Ru
Uskayaw
Xom
Zin

Shops:
D:2 (   D:6 *   D:9 *


Innate Abilities, Weirdness & Mutations

You are completely covered in rugged brown scales. (AC +3, +7% HP)
Armour fits poorly on your strangely shaped body.
You have a long armoured tail.
You roll when moving toward enemies. (Rampage)
Your long tongue fully drains potion bottles. (2x potion effects)
Your tongue gives you trouble enunciating. (1.5x scroll delay)


Message History

* * * LOW HITPOINT WARNING * * *
You hit the deep elf pyromancer.
The deep elf pyromancer is heavily wounded.
You are engulfed in a cloud of scalding steam.
* * * LOW HITPOINT WARNING * * *
The deep elf pyromancer is engulfed in a cloud of scalding steam.
The deep elf pyromancer hits you but does no damage.
The fire elemental hits you. The fire elemental burns you!
* * * LOW HITPOINT WARNING * * *
The fire elemental hits you. The fire elemental burns you!
* * * LOW HITPOINT WARNING * * *
You hit the deep elf pyromancer.
The deep elf pyromancer is almost dead.
The fire elemental hits you. The fire elemental burns you!
* * * LOW HITPOINT WARNING * * *
The deep elf pyromancer is engulfed in a cloud of scalding steam.
The deep elf pyromancer dies!
The fire elemental disappears in a puff of smoke! x3
You hit the steam dragon.
The steam dragon is lightly wounded.
The steam dragon bites you.
* * * LOW HITPOINT WARNING * * *
The steam dragon claws you but does no damage.
You closely miss the steam dragon.
Your tail-slap misses the steam dragon.
The steam dragon is lightly wounded.
Your skin crawls.
You feel strong-willed. The steam dragon barely misses you. x2
You hit the steam dragon.
The steam dragon is moderately wounded.
The steam dragon bites you but does no damage.
The steam dragon claws you but does no damage.
You thump the steam dragon!
Your mace of Wu Jian's Generosity whistles innocently.
You tail-slap the steam dragon.
The steam dragon is almost dead.
You hear a shout! x2; You hear a bellow! x2
The steam dragon breathes steam at you. The ball of steam hits you!
You die...

.#. .#.# ##..#
...# #.# ##..# #
#... ...# ?.#
#..####.###.....
###..##.)D........
......☼#@###.....
#..# #§# ..#
#..####.# #
#..<...>#
##.###### #.#
####.### #.<.)..#
#.##)#.#


You could see a steam dragon (catching breath).

Vanquished Creatures
  A two-headed ogre (D:10)
  Amaemon (D:9)
  An orange demon (D:9)
  A hornet (D:8)
  Sigmund (D:2)
  6 yaks
  2 wyverns
  3 basilisks (D:7)
  A steam dragon (D:7)
  5 water moccasins
  2 sky beasts (D:6)
  2 black bears
  An ice beast (D:5)
  3 wolves (D:7)
  An ogre (D:5)
  2 centaurs
  4 kobold brigands
  2 phantoms
  3 scorpions
  16 wights
  6 killer bees
  2 howler monkeys (D:7)
  2 jellies (D:7)
  2 gnoll boudas
  4 hounds (D:5)
  2 orc priests
  Terence (D:3)
  Jessica (D:3)
  7 iguanas
  9 orc wizards
  Robin (D:1)
  16 gnolls
  5 adders
  A shadow imp (D:5)
  3 white imps
  2 ufetubi
  2 worms
  3 dart slugs
  19 orcs
  5 bats
  7 endoplasms
  5 giant cockroaches
  11 goblins
  9 hobgoblins
  3 jackals (D:4)
  21 kobolds
  4 quokkas
  5 ball pythons
  2 frilled lizards
  4 rats
  2 butterflies (D:9)
224 creatures vanquished.

Vanquished Creatures (collateral kills)
  A two-headed ogre (D:8)
1 creature vanquished.

Vanquished Creatures (others)
  A deep elf pyromancer (D:10)
  2 fungi (D:8)
  26 plants
29 creatures vanquished.

Grand Total: 254 creatures vanquished

Notes
Turn   | Place    | Note
-------+----------+-------------------------------------------
     0 | D:1      | microfolk the Armataur Berserker began the quest for the
                  | Orb.
     0 | D:1      | Reached XP level 1. HP: 19/19 MP: 1/1
   410 | D:1      | Reached XP level 2. HP: 26/26 MP: 2/2
   683 | D:2      | Noticed Sigmund
   710 | D:2      | Noticed Robin
   810 | D:1      | Reached skill level 3 in Maces & Flails
   837 | D:2      | Killed Sigmund
   838 | D:2      | Reached XP level 3. HP: 33/33 MP: 3/3
   838 | D:2      | Reached XP level 4. HP: 40/40 MP: 4/4
   838 | D:2      | Reached XP level 5. HP: 48/48 MP: 5/5
  1269 | D:1      | Killed Robin
  1271 | D:1      | Reached skill level 4 in Maces & Flails
  1329 | D:2      | Reached ** piety under Trog
  1434 | D:2      | Found Buiqerhi's Weapon Shop.
  1827 | D:3      | Reached XP level 6. HP: 55/55 MP: 6/6
  1860 | D:3      | You fall into a shaft and drop 3 floors!
  1874 | D:6      | Noticed a sky beast
  1887 | D:6      | Killed a sky beast
  2536 | D:6      | Noticed a sky beast
  2564 | D:6      | Killed a sky beast
  2565 | D:6      | Reached skill level 5 in Maces & Flails
  2565 | D:6      | Reached skill level 5 in Armour
  2565 | D:6      | Reached XP level 7. HP: 64/64 MP: 7/7
  2921 | D:5      | Entered Level 5 of the Dungeon
  3160 | D:4      | Identified the +0 ring mail of Free Expression {rElec
                  | Dex+2}
  3400 | D:3      | Reached *** piety under Trog
  3431 | D:3      | Noticed Jessica
  3437 | D:3      | Killed Jessica
  4069 | D:3      | Noticed Terence
  4077 | D:3      | Killed Terence
  4354 | D:3      | Reached skill level 6 in Maces & Flails
  4365 | D:3      | Reached skill level 5 in Fighting
  4369 | D:3      | Reached XP level 8. HP: 57/72 MP: 8/8
  4491 | D:4      | Found a staircase to the Ecumenical Temple.
  4795 | D:4      | Found a hide-covered altar of Uskayaw.
  5255 | D:5      | Found an iron altar of Okawaru.
  5510 | D:5      | Identified the +7 mace of Wu Jian's Generosity {holy,
                  | *Noise Will+ Dex+3}
  5595 | D:5      | Reached skill level 7 in Maces & Flails
  5658 | D:5      | Found a glowing silver altar of Zin.
  6183 | D:6      | Found a sacrificial altar of Ru.
  6184 | D:6      | Found a hazy altar of Hepliaklqana.
  6284 | D:6      | Found Xyraserph's Assorted Antiques.
  6291 | D:6      | Reached **** piety under Trog
  6787 | D:7      | Reached XP level 9. HP: 74/80 MP: 9/9
  7026 | D:7      | Reached skill level 8 in Maces & Flails
  7197 | D:8      | Noticed a two-headed ogre
  8059 | D:7      | Reached skill level 9 in Maces & Flails
  8308 | D:7      | Reached XP level 10. HP: 45/92 MP: 10/10
  8711 | D:8      | Killed a two-headed ogre
  8712 | D:8      | Reached skill level 10 in Maces & Flails
  8718 | D:8      | Identified the +0 cloak of the Snail {Harm *Slow Fly
                  | Stlth+}
  8827 | D:8      | Found a staircase to the Lair.
  9654 | D:9      | Found a shimmering altar of Xom.
  9662 | D:9      | Reached skill level 10 in Armour
  9816 | D:9      | Reached skill level 1 in Stealth
 10284 | D:9      | Noticed Amaemon
 10284 | D:9      | Noticed an orange demon
 10297 | D:9      | Killed Amaemon
 10302 | D:9      | Killed an orange demon
 10303 | D:9      | Reached skill level 11 in Maces & Flails
 10622 | D:9      | Found Intiwaihin's Assorted Antiques.
 10837 | D:10     | Entered Level 10 of the Dungeon
 10855 | D:10     | Noticed a two-headed ogre
 10866 | D:10     | Killed a two-headed ogre
 10867 | D:10     | Reached XP level 11. HP: 90/100 MP: 11/11
 10927 | D:10     | Noticed a deep elf pyromancer
 10944 | D:10     | Killed a deep elf pyromancer
 10949 | D:10     | Killed from afar by a steam dragon

Illustrated notes

Levels and vault maps discovered:
D:1:      roderic_octagonal_star, layout_basic
D:2:      layout_rooms, serial_shops, nicolae_diamond_shop, uniq_sigmund,
          uniq_robin
D:3:      layout_basic, minmay_misc_feat_pillars, fountainhead,
          kennysheep_potato, uniq_terence, uniq_jessica
D:4:      layout_rooms, nicolae_uskayaw_suspiria, minmay_temple_entry_glass
D:5:      layout_loops_ring, marbit_many_paths, mainiacjoe_overflow_tiny_flanked
D:6:      layout_rooms, mainiacjoe_overflow_divided_tiny, serial_shops, shop,
          kennysheep_generic_room_3
D:7:      layout_loops_ring
D:8:      layout_rooms, minmay_lair_entry_grove
D:9:      layout_loops_ring, xom_butterflies, serial_shops,
          nicolae_shop_tiny_statue_garden, roderic_lattice_a,
          serial_bayou_pond_a, uniq_amaemon
D:10:     minmay_the_grid_triangle_9x9_recursive_2
          [minmay_the_grid_triangle_9x9_prize_center,
          minmay_the_grid_triangle_9x9_steps,
          minmay_the_grid_triangle_9x9_skeleton,
          minmay_the_grid_triangle_9x9_windchime], layout_loops_cross,
          nicolae_qazlal_style_of_elements, nemelex_xobeh_ov_fountains_minmay,
          gammafunk_ghost_ooze, enter_bailey_8

Skill      XL: |  1  2  3  4  5  6  7  8  9 10 11 |
---------------+----------------------------------+-----
Maces & Flails | 3 4 5 6 7 9 11 | 11.2
Fighting       | 3 4 5 6 7 8 |  8.3
Armour         | 3 4 5 6 7 9 10 | 10.5
Dodging        | 2 |  2.3
Stealth        | 2 3 |  3.2

Action                     |  1- 3 |  4- 6 |  7- 9 | 10-12 || total
---------------------------+-------+-------+-------+-------++-------
  Melee: Mace              |    59 |   145 |   406 |   158 ||   768
         Tailslap          |     5 |    19 |    40 |    27 ||    91
         Punch             |       |       |     2 |     1 ||     3
         Whip              |       |       |    48 |       ||    48
 Invoke: Berserk           |     1 |     3 |     5 |     3 ||    12
         Trog's Hand       |       |     2 |       |     2 ||     4
         Brothers in Arms  |       |       |       |     1 ||     1
    Use: Scroll            |       |       |     6 |     4 ||    10
         Potion            |       |       |       |     2 ||     2
 Armour: Animal skin       |     8 |       |       |       ||     8
         Scale mail        |    12 |    74 |    67 |       ||   153
         Plate armour      |       |       |   265 |   107 ||   372
  Dodge: Dodged            |    32 |    55 |   167 |    48 ||   302

Table legend: (Time is in decaauts)
 A = Elapsed time spent in this place.
 B = Non-inter-level travel time spent in this place.
 C = Inter-level travel time spent in this place.
 D = Time resting spent in this place.
 E = Time spent auto-exploring this place.
 F = Levels seen in this place.
 G = Mean time per level.
                   A        B        C        D        E       F      G
               +--------+--------+--------+--------+--------+-----+--------+
         Total |  11088 |  10225 |    863 |   2619 |   5266 |  10 | 1108.8 |
       Dungeon |  11088 |  10225 |    863 |   2619 |   5266 |  10 | 1108.8 |
               +--------+--------+--------+--------+--------+-----+--------+

Top non-repeatable levels by time:
     D:7: 2216 daAuts
     D:6: 1394 daAuts
     D:5: 1313 daAuts
     D:9: 1259 daAuts
     D:3: 1223 daAuts
     D:1: 1141 daAuts
     D:8: 1032 daAuts
     D:4: 791 daAuts
     D:2: 649 daAuts
    D:10: 67 daAuts
